 Dungeon Crawl Stone Soup version 0.29.1-15-g9cfb28693d (webtiles) character file.

Game seed: 16081131522593435079

984 javelincjr the Magician (level 8, 0/58 HPs)
             Began as a Djinni Conjurer on Feb 21, 2023.
             Was an Initiate of Makhleb.
             Killed from afar by an acid dragon (25 damage)
             ... with a splash of acid
             ... on level 6 of the Dungeon.
             The game lasted 00:21:55 (6120 turns).

javelincjr the Magician (Djinni Conjurer)           Turns: 6120, Time: 00:21:56

Health: 0/58       AC:  2    Str:  8    XL:     8   Next: 41%
Gold:   152        EV: 28    Int: 19    God:    Makhleb [......] SH:  0 Dex: 13

rFire   + + .      SeeInvis .   o - staff of conjuration
rCold   x . .      Faith    .   (no shield)
rNeg    . . .      Spirit   .   w - +2 robe
rPois   ∞          Reflect  .   t - +0 helmet
rElec   .          Harm     .   (no cloak)
rCorr   .          Rampage  .   d - +0 pair of gloves
Will    .....                   (boots unavailable)
Stlth   ++........              C - amulet of the acrobat
HPRegen 0.19/turn               n - ring of wizardry
MPRegen 0.00/turn               (no ring)

@: corroded, acrobatic, flying
A: sickness immunity, fire resistance 2, cold vulnerability 1, float, innate
caster, HP casting, extra vitality 1
a: Renounce Religion


You were on level 6 of the Dungeon.
You worshipped Makhleb.
Makhleb was noncommittal.
You visited 2 branches of the dungeon, and saw 7 of its levels.

You collected 207 gold pieces.
You spent 55 gold pieces at shops.

Inventory:

Hand Weapons
 m - a +1 dagger of venom
Armour
 a - a +0 cloak
 d - a +0 pair of gloves (worn)
 t - a +0 helmet (worn)
 v - a +0 kite shield
 w - a +2 robe (worn)
Magical Staves
 o - a staff of conjuration (weapon)
Jewellery
 n - a ring of wizardry (left hand)
 C - an amulet of the acrobat (around neck)
Wands
 A - a wand of paralysis (7)
Scrolls
 c - 3 scrolls of enchant armour
 g - a scroll of magic mapping
 i - a scroll of blinking
 k - 3 scrolls of teleportation
 q - 2 scrolls of butterflies
 y - a scroll of fear
Potions
 h - a potion of degeneration {unknown}
 j - 2 potions of invisibility
 l - a potion of berserk rage {unknown}
 p - a potion of ambrosia {unknown}
 r - 6 potions of curing
 s - a potion of magic {unknown}
 u - 2 potions of lignification {unknown}
 x - a potion of might {unknown}
 z - a potion of haste {unknown}
 B - 2 potions of heal wounds


   Skills:
 * Level 4.5 Fighting
 + Level 2.8 Armour
 - Level 4.0 Dodging
 + Level 3.3 Stealth
 + Level 2.4 Shields
 * Level 4.9 Spellcasting


You couldn't memorise any spells.
You knew the following spells:

 Your Spells              Type           Power      Damage    Failure   Level
a - Magic Dart            Conj           100%       1d8       1%          1
b - Searing Ray           Conj           70%        2d7       1%          2
c - Dazzling Flash        Conj/Hex       70%        N/A       1%          3
d - Fulminant Prism       Conj/Hex       17%        3d11      6%          4
e - Iskenderun's Mystic   Conj/Tloc      35%        2d8       6%          4
f - Sandblast             Erth           46%        2d11      1%          1
g - Ensorcelled Hibernat  Hex/Ice        46%        N/A       1%          2
h - Gell's Gravitas       Tloc           23%        N/A       1%          3
Your spell library was empty.

Dungeon Overview and Level Annotations

Branches:
Dungeon (6/15)             Temple (1/1) D:5

Altars:
Dithmenos
Elyvilon
Fedhas
Gozag
Makhleb
Nemelex Xobeh
Okawaru
Qazlal
Trog
Uskayaw
Wu Jian
Yredelemnul
Zin
The Shining One

Shops:
D:5 !


Innate Abilities, Weirdness & Mutations

You are immune to sickness and miasma.
You are immune to poison.
Your flesh is very heat resistant. (rF++)
You are vulnerable to cold. (rC-)
You float through the air rather than walking.
You learn spells naturally, not from books.
Your magical power is your life essence.
You have superior vitality. (+4 MHP)


Message History

The mystic blast hits the wight!
The wight is almost destroyed.
The wight is knocked back by the mystic blast.
A wight comes into view. It is wielding a +4 hand axe.
An acid dragon comes into view.
A wight comes into view. It is wielding a +0 falchion.
Casting: Iskenderun's Mystic Blast (dangerous; 7% risk of failure)
Confirm with . or Enter, or press ? or * to list all spells.
Aiming: Fulminant Prism (dangerous; 7% risk of failure)
Press: ? - help, Dir - move target You feel a surge of power!
You conjure a prism of explosive energy!
A fulminant prism comes into view.
Your fulminant prism crackles loudly.
Your fulminant prism explodes!
The blast of energy engulfs the wight!
The wight is heavily damaged.
The blast of energy engulfs the wight!!
You destroy the wight!
Makhleb accepts your kill.
The blast of energy engulfs the wight!!
You destroy the wight!
Makhleb accepts your kill.
The blast of energy engulfs the wight.
The wight is moderately damaged.
You hear a shout!
Casting: Fulminant Prism (dangerous; 6% risk of failure)
Confirm with . or Enter, or press ? or * to list all spells.
Aiming: Fulminant Prism (dangerous; 6% risk of failure)
Press: ? - help, Dir - move target You feel a surge of power!
You conjure a prism of explosive energy!
A fulminant prism comes into view.
The wight hits your fulminant prism with a +0 long sword!
The acid dragon spits acid at you. The splash of acid hits you!!
The acid corrodes you!
Your fulminant prism crackles loudly.
The acid dragon spits acid at you. The splash of acid hits you!!
You die...

#...##)..#.##
#....).....# #...)....(.#
### #.##.......# ...
....##.#........####...
.............####.......
#.............)##........
#............###........
.............@..<........
.................z..)..##
......##........)*......#
...... #.........z.......
..#.......##.............
. ##..#...##..#..........
#. #....#..##.........
).... #..##D........ ....
#.............


You could see an acid dragon (catching breath), 2 wights and a friendly
fulminant prism.

Vanquished Creatures
  Sigmund (D:4)
  An ice beast (D:5)
  A black bear (D:5)
  2 necrophages (D:5)
  2 wights (D:6)
  A jelly (D:4)
  A gnoll bouda (D:6)
  2 iguanas (D:5)
  Ijyb (D:5)
  A hound zombie (D:3)
  4 gnolls (D:6)
  9 adders
  3 shadow imps (D:5)
  2 white imps (D:5)
  An ufetubus (D:5)
  An adder zombie (D:3)
  2 worms
  A dart slug (D:5)
  8 orcs
  9 endoplasms
  3 giant cockroaches (D:1)
  3 hobgoblins
  2 jackals (D:3)
  5 kobolds
  4 quokkas
  11 ball pythons
  A ball python skeleton (D:3)
  3 bats
  2 frilled lizards
  6 goblins
  3 rats
96 creatures vanquished.

Vanquished Creatures (others)
  25 fulminant prisms
25 creatures vanquished.

Grand Total: 121 creatures vanquished

Notes
Turn   | Place    | Note
-------+----------+-------------------------------------------
     0 | D:1      | javelincjr the Djinni Conjurer began the quest for the Orb.
     0 | D:1      | javelincjr set off with the following spells memorised:
                  | Magic Dart, Searing Ray, Dazzling Flash, Fulminant Prism,
                  | Iskenderun's Mystic Blast.
     0 | D:1      | Reached XP level 1. HP: 15/15 MP: 0/0
   260 | D:1      | Reached XP level 2. HP: 16/21 MP: 0/0
   323 | D:1      | Found a faded altar of an unknown god.
  1415 | D:2      | Reached XP level 3. HP: 21/26 MP: 0/0
  1415 | D:2      | Learned a level 1 spell: Sandblast
  1574 | D:2      | Reached skill level 1 in Fighting
  2489 | D:3      | Reached XP level 4. HP: 25/32 MP: 0/0
  2637 | D:3      | Found a stormy altar of Qazlal.
  2873 | D:3      | Found a white marble altar of Elyvilon.
  3121 | D:4      | Reached XP level 5. HP: 35/38 MP: 0/0
  3121 | D:4      | Learned a level 2 spell: Ensorcelled Hibernation
  3283 | D:4      | Reached skill level 1 in Armour
  3622 | D:4      | Noticed Sigmund
  3640 | D:4      | Killed Sigmund
  3641 | D:4      | Reached skill level 1 in Shields
  3641 | D:4      | Reached XP level 6. HP: 5/46 MP: 0/0
  4303 | D:5      | Entered Level 5 of the Dungeon
  4454 | D:5      | Found an ornate altar of the Wu Jian Council.
  4604 | D:5      | Reached XP level 7. HP: 40/50 MP: 0/0
  4604 | D:5      | Learned a level 3 spell: Gell's Gravitas
  4855 | D:5      | Noticed Ijyb
  4861 | D:5      | Killed Ijyb
  4891 | D:5      | Reached XP level 8. HP: 18/58 MP: 0/0
  5513 | D:5      | Found Jucsoeg's Distillery.
  5521 | D:5      | Bought a potion of heal wounds for 55 gold pieces
  5748 | D:5      | Found a staircase to the Ecumenical Temple.
  5757 | Temple   | Entered the Ecumenical Temple
  5761 | Temple   | Became a worshipper of Makhleb the Destroyer
  6120 | D:6      | Killed from afar by an acid dragon

Illustrated notes

Levels and vault maps discovered:
D:1:      shiori_shiawase, layout_basic, ebering_ecumenical_altar_webs,
          minmay_strange_pillars
D:2:      layout_loops_ring, minmay_quadrilaterals
D:3:      layout_rooms, grunt_qazlal_sundering, elyvilon_altar_1, serial_undead,
          serial_undead_f, serial_undead_b, serial_undead_c, serial_undead_e
D:4:      layout_loops_cross, uniq_sigmund
D:5:      layout_loops_ring, pdpol_wu_jian_five_deadly_venoms, temple_hall,
          kennysheep_windowed_goal, uniq_ijyb
D:6:      layout_cave_pools, jmf_multi_god_temple, minivault_19
Temple:   nicolae_temple_x_marks_the_god

Skill      XL: |  1  2  3  4  5  6  7  8 |
---------------+-------------------------+-----
Fighting       | 1 2 3 4 |  4.5
Stealth        | 2 3 |  3.3
Dodging        | 3 4 |  4.0
Armour         | 1 2 |  2.8
Shields        | 1 2 |  2.4
Spellcasting   | 4 |  4.9

Action                   |  1- 3 |  4- 6 |  7- 9 || total
-------------------------+-------+-------+-------++-------
Melee: Staff             |       |     1 |       ||     1
 Cast: Magic Dart        |    80 |    59 |    14 ||   153
       Searing Ray       |     1 |     6 |     6 ||    13
       Fulminant Prism   |       |    10 |    16 ||    26
       Iskenderun's Myst |       |     3 |     8 ||    11
       Sandblast         |       |     1 |     7 ||     8
       Ensorcelled Hiber |       |       |     3 ||     3
  Use: Scroll            |       |       |     8 ||     8
Armor: Robe              |     2 |     1 |     2 ||     5
Dodge: Dodged            |     5 |     5 |     5 ||    15
